 Dungeon Crawl Stone Soup version 0.31.0-32-g396128a36d (webtiles) character file.

Game seed: 17325594979403569548

7244 Dvallin the Grappler (level 10, -2/79 HPs)
             Began as a Purple Draconian Shapeshifter on Apr 1, 2024.
             Was an Elder of Ru.
             Slain by an eight-headed hydra (12 damage)
             ... on level 8 of the Dungeon.
             The game lasted 00:16:09 (9159 turns).

Dvallin the Grappler (DrSh)                         Turns: 9159, Time: 00:16:10

Health: -2/79      AC:  9    Str: 17    XL:     10   Next: 88%
Magic:  10/10      EV: 19    Int: 10    God:    Ru [****..]
Gold:   479        SH:  5    Dex: 15    Spells: 9/9 levels left

rFire   . .          .
                       - Unarmed
rCold   + . .        (shield unavailable)
rNeg    . . .        (body armour unavailable)
rPois   .            t - +0 hat
rElec   .            y - +0 cloak
rCorr   .            J - +0 pair of gloves
SInv    .            (no boots)
Will    +....        m - amulet of reflection
Stlth   +            (ring unavailable)
HPRegen 0.33/turn    f - ring of protection from cold
MPRegen 0.12/turn

%: reflection
@: flux-form, glowing, studying 2 skills
A: glow, contaminating, breathe power, AC +7, unfitting armour, frail 1,
cold-blooded, missing a hand
a: Breathe Dispelling Energy, Begin Untransformation, Renounce Religion, Draw
Out Power, Power Leap


You were on level 8 of the Dungeon.
You worshipped Ru.
Ru was greatly pleased with you.
You were something dangerously unstable.
You visited 2 branches of the dungeon, and saw 9 of its levels.
You also visited: Ossuary.

You collected 479 gold pieces.

Inventory:

Missiles
 s - a throwing net (quivered)
Armour
 t - a +0 hat (worn)
 y - a +0 cloak (worn)
 J - a +0 pair of gloves (worn)
Jewellery
 f - a ring of protection from cold (right hand)
 k - a ring of flight
 m - an amulet of reflection (around neck)
 o - a ring of positive energy
 F - a +5 ring of evasion
 H - a ring of willpower
 K - a +6 ring of dexterity
 M - a ring of wizardry
Talismans
 b - a beast talisman
 c - a flux talisman (active)
 O - a serpent talisman
Wands
 h - a wand of roots (5)
 N - a wand of paralysis (3)
Scrolls
 j - 2 scrolls of enchant weapon {unknown}
 l - 4 scrolls of teleportation
 p - a scroll of amnesia {unknown}
 q - a scroll of immolation {unknown}
 r - 3 scrolls of noise {unknown}
 v - 5 scrolls of identify {unknown}
 z - 5 scrolls of blinking {unknown}
 A - 2 scrolls of enchant armour {unknown}
 B - a scroll of poison {unknown}
 I - a scroll of brand weapon
Potions
 a - 2 potions of lignification
 d - 4 potions of curing {unknown}
 e - a potion of heal wounds
 g - 3 potions of attraction {unknown}
 i - 2 potions of brilliance {unknown}
 n - 2 potions of invisibility {unknown}
 u - 2 potions of magic {unknown}
 w - 2 potions of mutation {unknown}
 x - a potion of degeneration {unknown}
 C - a potion of enlightenment {unknown}
 D - a potion of ambrosia {unknown}
 E - 3 potions of might {unknown}
 G - a potion of haste {unknown}
 L - a potion of berserk rage {unknown}


   Skills:
 + Level 8.2 Fighting
 + Level 6.5 Dodging
 * Level 10.3 Unarmed Combat
 + Level 9.4 Shapeshifting


You had 9 spell levels left.
You didn't know any spells.
Your spell library contained the following spells:

 Spells                   Type           Power      Damage    Failure   Level
 Animate Dead             Necr           0%         N/A       98%         4
 Haunt                    Necr/Summ      0%         N/A       100%        7
 Infestation              Necr           0%         N/A       100%        8


Dungeon Overview and Level Annotations

Branches:
Dungeon (8/15)             Temple (1/1) D:6            Lair (0/5) D:8
Ossuary (visited)

Altars:
Ashenzari
Cheibriados
Dithmenos
Fedhas
Gozag
Hepliaklqana
Kikubaaqudgha
Makhleb
Nemelex Xobeh
Okawaru
Qazlal
Ru
Sif Muna
Trog
Uskayaw
Vehumet
Wu Jian
Xom
Yredelemnul
Zin
The Shining One

Shops:
D:6 (   D:8 :

Annotations:
D:8 2 runed translucent doors


Innate Abilities, Weirdness & Mutations

You are something dangerously unstable.
You glow with magical radiation, making you easy to see and hit.
Foes you strike become dangerously contaminated with magical radiation.
You are incapable of wielding weapons or throwing items.
You can breathe bolts of dispelling energy.
Your rich purple scales are hard. (AC +7)
You cannot fit into any form of body armour.
You are frail. (-10% HP)
You are cold-blooded and may be slowed by cold attacks.
You are missing a hand.


Message History

The vampire mosquito closely misses you.
The howler monkey hoots and howls with incredible vigour!
You hear a bellow!
You barely miss the vampire mosquito.
You block the vampire mosquito's attack.
The vampire mosquito bites you.
The vampire mosquito draws strength from your injuries!
You barely miss the vampire mosquito. The vampire mosquito bites you!
The vampire mosquito draws strength from your injuries!
The eight-headed hydra misses you. x3
The eight-headed hydra completely misses you.
The eight-headed hydra bites you but does no damage.
The eight-headed hydra completely misses you.
The eight-headed hydra barely misses you.
The eight-headed hydra bites you!
You hit the vampire mosquito but do no damage.
The vampire mosquito begins to glow.
You tail-slap the vampire mosquito.
The vampire mosquito is lightly damaged.
The vampire mosquito misses you. x2
You block the eight-headed hydra's attack.
The eight-headed hydra barely misses you.
The eight-headed hydra bites you.
* * * LOW HITPOINT WARNING * * *
The eight-headed hydra bites you but does no damage. x3
The eight-headed hydra closely misses you.
The eight-headed hydra barely misses you.
You hit the vampire mosquito.
The vampire mosquito glows dangerously bright.
The vampire mosquito is moderately damaged.
The vampire mosquito bites you.
* * * LOW HITPOINT WARNING * * *
The vampire mosquito draws strength from your injuries!
You closely miss the vampire mosquito.
The vampire mosquito is moderately damaged.
The vampire mosquito is stunned by your conviction and fails to attack.
The eight-headed hydra bites you!
* * * LOW HITPOINT WARNING * * *
The eight-headed hydra completely misses you.
The eight-headed hydra bites you!
You die...

..####......)....................
..# ##...#.########.............
### ##..#.########.#..######...
#.............##.# ####
##.#.##..........# #..
#...##....####..# ###
#.###...###..#..# # #.
.###Dh#B#.## # ###yp###9#.# #
####..###[#H#.# #
###...###[....#.# #
###..###..###$#.#.# #
###.....####..###.#.# ######
###......#.# ###..#.#.# #.[...
##........#.# ##..#.# #.####
..........#.# ###.#####.####
##........#.# #.....#.....


You could see a boulder beetle, an eight-headed hydra, a manticore, a vampire
mosquito (heavy contam), a gargoyle and a howler monkey.

Vanquished Creatures
  A two-headed ogre (D:7)
  A manticore (D:8)
  Maggie (D:8)
  A wraith (D:7)
  A wyvern (D:7)
  3 water moccasins (D:7)
  A black bear (D:7)
  An orc warrior (D:8)
  6 ogres
  2 wolves (D:8)
  3 centaurs
  7 phantoms (D:7)
  2 kobold brigands
  A gnoll sergeant (D:8)
  3 bullfrogs
  12 scorpions
  13 wights
  8 killer bees (D:8)
  6 centaur zombies
  4 human zombies (Ossuary)
  2 bombardier beetles
  A gnoll bouda (D:5)
  3 orc priests
  2 jellies
  A hound (D:7)
  3 iguanas
  6 scorpion zombies
  6 sleepcaps
  Terence (D:3)
  7 orc wizards
  4 killer bee zombies (D:7)
  3 mummies (Ossuary)
  4 gnolls (D:5)
  9 adders
  8 shadow imps (D:7)
  A white imp (D:6)
  2 adder zombies (Ossuary)
  2 dart slugs
  5 ribbon worms
  16 orcs
  6 bats
  3 endoplasms
  5 giant cockroaches
  3 gnoll zombies (Ossuary)
  9 goblins
  6 hobgoblins
  A quokka (D:3)
  7 ball pythons
  A ball python zombie (Ossuary)
  A frilled lizard (D:1)
  A jackal zombie (Ossuary)
  15 kobolds
  8 rats
229 creatures vanquished.

Vanquished Creatures (collateral kills)
  2 wights (D:7)
2 creatures vanquished.

Vanquished Creatures (others)
  A kobold brigand (D:6)
1 creature vanquished.

Grand Total: 232 creatures vanquished

Notes
Turn   | Place    | Note
-------+----------+-------------------------------------------
     0 | D:1      | Dvallin the Draconian Shapeshifter began the quest for the
                  | Orb.
     0 | D:1      | Reached XP level 1. HP: 16/16 MP: 1/1
    92 | D:1      | Reached XP level 2. HP: 14/23 MP: 2/2
   376 | D:1      | Found a faded altar of an unknown god.
   393 | D:1      | Prayed at the altar of an unknown god.
  1151 | D:2      | Reached XP level 3. HP: 8/28 MP: 3/3
  1544 | D:2      | You fall into a shaft and drop 1 floor!
  1553 | D:3      | Noticed Terence
  1560 | D:3      | Killed Terence
  1561 | D:3      | Reached XP level 4. HP: 27/35 MP: 4/4
  1624 | D:3      | Found a basalt altar of Yredelemnul.
  2235 | D:3      | Reached skill level 5 in Shapeshifting
  2938 | D:4      | Noticed an ogre
  2949 | D:4      | Killed an ogre
  2950 | D:4      | Reached XP level 5. HP: 34/40 MP: 5/5
  3250 | D:4      | Noticed a centaur
  3259 | D:4      | Killed a centaur
  3260 | D:4      | Reached XP level 6. HP: 31/47 MP: 6/6
  3631 | D:5      | Entered Level 5 of the Dungeon
  3687 | D:5      | Your scales start taking on a rich purple colour.
  3687 | D:5      | Reached XP level 7. HP: 49/53 MP: 7/7
  3860 | D:5      | Reached skill level 4 in Unarmed Combat
  4036 | D:5      | HP: 2/56 [poisoned by an orc wizard]
  4717 | D:6      | Reached XP level 8. HP: 23/63 MP: 8/8
  4732 | D:6      | Reached skill level 5 in Unarmed Combat
  5096 | D:6      | Found a staircase to the Ecumenical Temple.
  5438 | D:6      | Found Qapa's Antique Weapon Emporium.
  5517 | Temple   | Entered the Ecumenical Temple
  5527 | Temple   | Became a worshipper of Ru the Awakened
  5609 | D:7      | Reached skill level 6 in Unarmed Combat
  5796 | D:7      | Found a sand-covered staircase.
  5804 | Ossuary  | Entered an ossuary
  6100 | Ossuary  | Reached XP level 9. HP: 72/72 MP: 9/9
  6128 | Ossuary  | Reached skill level 7 in Unarmed Combat
  6199 | Ossuary  | Reached skill level 5 in Fighting
  6563 | D:7      | Gained mutation: You are missing a hand. [Ru sacrifice]
  6563 | D:7      | Reached * piety under Ru
  6563 | D:7      | Reached ** piety under Ru
  6563 | D:7      | Reached *** piety under Ru
  6716 | D:7      | Reached skill level 8 in Unarmed Combat
  6720 | D:7      | Reached skill level 5 in Dodging
  7160 | D:7      | Reached XP level 10. HP: 77/83 MP: 10/10
  7458 | D:7      | Reached skill level 9 in Unarmed Combat
  8178 | D:8      | Noticed a two-headed ogre
  8187 | D:7      | Killed a two-headed ogre
  8293 | D:8      | Found Qav Qie's Book Emporium.
  8454 | D:8      | Found a staircase to the Lair.
  8774 | D:8      | Noticed Maggie
  8783 | D:8      | Killed Maggie
  8784 | D:8      | Reached skill level 10 in Unarmed Combat
  8805 | D:8      | Found a runed translucent gate.
  8806 | D:8      | Found the +9 staff of Olgreb {rPois∞}
  8811 | D:8      | Found a runed translucent door.
  9101 | D:8      | Gained mutation: You are frail. (-10% HP) [Ru sacrifice]
  9101 | D:8      | Reached **** piety under Ru
  9142 | D:8      | Noticed a manticore
  9142 | D:8      | Noticed an eight-headed hydra
  9142 | D:8      | Noticed a gargoyle
  9142 | D:8      | Noticed a manticore
  9142 | D:8      | Noticed a boulder beetle
  9154 | D:8      | Killed a manticore
  9159 | D:8      | Slain by an eight-headed hydra

Illustrated notes

Levels and vault maps discovered:
D:1:      roderic_octagonal_star, layout_basic, ebering_ecumenical_altar_box
D:2:      layout_loops_corners
D:3:      layout_loops_corners, yredelemnul_altar_generic,
          chequers_serial_rivers_large_b, amcnicky_mini_pool_small,
          minmay_misc_feat_doors, uniq_terence
D:4:      layout_gridville, minmay_increasing_density
D:5:      layout_basic, kennysheep_generic_room_4
D:6:      layout_gridville, minmay_temple_entry_drinking_statues, serial_shops,
          shop
D:7:      bobbens_index_wilting_gardens, layout_layer_cave,
          chequers_ossuary_entry_cave, minmay_liquid_box
D:8:      minmay_the_grid_triangle_9x9_rhombus_thin
          [minmay_the_grid_triangle_9x9_impossible_snake,
          minmay_the_grid_triangle_9x9_prize_top_heavy,
          minmay_the_grid_triangle_9x9_wacky_v,
          minmay_the_grid_triangle_9x9_empty], layout_basic,
          erik_lair_orcish_takeover, serial_shops, shop, st_stairs_8,
          minmay_guarded_unrand_staff_of_olgreb, uniq_maggie
Temple:   nicolae_temple_slightly_damp_pantheon

Skill      XL: |  1  2  3  4  5  6  7  8  9 10 |
---------------+-------------------------------+-----
Shapeshifting  | 4 6 7 8 9 |  9.4
Dodging        | 2 3 4 5 6 |  6.5
Fighting       | 3 4 6 8 |  8.2
Unarmed Combat | 4 6 8 10 | 10.3

Action                     |  1- 3 |  4- 6 |  7- 9 | 10-12 || total
---------------------------+-------+-------+-------+-------++-------
  Melee: Unarmed           |   151 |   150 |   460 |   276 ||  1037
         Tailslap          |    19 |    16 |    92 |    56 ||   183
 Invoke: Draw Out Power    |       |       |     1 |       ||     1
         Sacrifice a Hand  |       |       |     1 |       ||     1
         Sacrifice Health  |       |       |       |     1 ||     1
Ability: Breathe Dispellin |       |       |     3 |       ||     3
    Use: Potion            |       |       |     4 |       ||     4
         Scroll            |       |       |     6 |       ||     6
   Stab: Held in net/web   |       |       |     1 |       ||     1
         Invisible         |       |       |       |     3 ||     3
 Armour: Skin              |    66 |    43 |   184 |   112 ||   405
  Dodge: Dodged            |   128 |    94 |   362 |   227 ||   811
  Block: Other             |       |    20 |   104 |    51 ||   175
         Reflection        |       |     2 |     5 |       ||     7
   Form: Flux              |     1 |       |       |       ||     1
